 Dungeon Crawl Stone Soup version 0.27-a0-1101-ge311f74bc8 (webtiles) character file.

Game seed: 11117555649587691671

97 funkygono the Magician (level 4, -4/31 HPs)
             Began as a Djinni Fire Elementalist on Apr 28, 2021.
             Slain by Sigmund
             ... wielding a +0 scythe
              (13 damage)
             ... on level 3 of the Dungeon.
             The game lasted 00:05:16 (3369 turns).

funkygono the Magician (Djinni Fire Elementalist)   Turns: 3369, Time: 00:05:17

Health: -4/31      AC:  4    Str:  7    XL:     4   Next: 68%
Gold:   112        EV: 13    Int: 17    God:
                   SH:  0    Dex: 20

rFire    + + .     SeeInvis .   m - +3 dagger (chaos)
rCold    x . .     Faith    .   (no shield)
rNeg     . . .     Spirit   .   a - +0 robe
rPois    ∞         Reflect  .   g - +1 helmet
rElec    .         Harm     .   (no cloak)
rCorr    .         Rampage  .   (no gloves)
Will     .....                  (boots unavailable)
Stlth    ++........             (no amulet)
HPRegen  0.10/turn              i - +6 ring of dexterity
MPRegen  0.00/turn              (no ring)

@: flying
A: fire resistance 2, cold vulnerability 1, float, innate caster, hp casting,
extra vitality 1
a: no special abilities


You were on level 3 of the Dungeon.
You visited 1 branch of the dungeon, and saw 3 of its levels.

You collected 112 gold pieces.

Inventory:

Hand Weapons
 b - a +1 dagger
 m - a +3 dagger of chaos (weapon)
Missiles
 f - 45 stones
Armour
 a - a +0 robe (worn)
 c - a +0 ring mail
 g - a +1 helmet (worn)
Jewellery
 i - a +6 ring of dexterity (left hand)
Scrolls
 d - a scroll of torment
 e - 2 scrolls of teleportation {unknown}
 j - a scroll of blinking
 l - a scroll of enchant armour
Potions
 h - a potion of haste
 k - a potion of curing {unknown}


   Skills:
 + Level 2.5 Dodging
 - Level 1.5 Stealth
 * Level 4.4 Spellcasting


You couldn't memorise any spells.
You knew the following spells:

 Your Spells              Type           Power      Damage    Failure   Level
a - Foxfire               Conj/Fire      72%        2x1d7     2%          1
b - Conjure Flame         Conj/Fire      18%        6-21      8%          3
c - Inner Flame           Hex/Fire       18%        N/A       8%          3
d - Sticky Flame          Conj/Fire      18%        2d4       24%         4
e - Fireball              Conj/Fire      9%         3d6       56%         5
f - Sandblast             Erth           36%        2d10      2%          1
Your spell library was empty.

Dungeon Overview and Level Annotations

Branches:
Dungeon (3/15)

Altars:
Makhleb
Xom

Annotations:
D:3 1 runed translucent door, Sigmund; bmj180's ghost, amateur DrCj


Innate Abilities, Weirdness & Mutations

You are immune to poison.
Your flesh is very heat resistant. (rF++)
You are vulnerable to cold. (rC-)
You float through the air rather than walking.
You learn spells naturally, not from books.
Your magical power is your life essence.
You have superior vitality. (+4 HP)


Message History

Sigmund is heavily wounded.
Casting: Foxfire (safe; 2% risk of failure)
Confirm with . or Enter, or press ? or * to list all spells.
You conjure some foxfire!
The foxfire hits Sigmund.
Sigmund is severely wounded.
The foxfire hits Sigmund.
Sigmund is severely wounded.
Sigmund drinks a potion.
Sigmund is healed!
Casting: Foxfire (safe; 2% risk of failure)
Confirm with . or Enter, or press ? or * to list all spells.
You conjure some foxfire!
The foxfire hits Sigmund.
Sigmund is lightly wounded.
Unknown command.
Casting: Foxfire (safe; 2% risk of failure)
Confirm with . or Enter, or press ? or * to list all spells.
You conjure some foxfire!
The foxfire hits Sigmund.
Sigmund is lightly wounded.
The foxfire hits Sigmund.
Sigmund is lightly wounded.
The foxfire hits Sigmund.
Sigmund is moderately wounded.
Sigmund casts a spell at you. The magic dart hits you!
Casting: Foxfire (safe; 2% risk of failure)
Confirm with . or Enter, or press ? or * to list all spells.
You conjure some foxfire!
The foxfire hits Sigmund.
Sigmund is heavily wounded.
Sigmund gestures at you while chanting. The magic dart hits you.
Unknown command.
Casting: Foxfire (safe; 2% risk of failure)
Confirm with . or Enter, or press ? or * to list all spells.
You conjure some foxfire!
* * * LOW HITPOINT WARNING * * *
The foxfire hits Sigmund.
Sigmund is heavily wounded.
The foxfire hits Sigmund.
Sigmund is severely wounded.
Sigmund hits you from afar with a +0 scythe!
You die...

#.#.# #####...##.. #####
##### ............ #_._#
#.#.# ....<...##.# #...#
#.#.# ...........# ...
#.#.# ...)..§.##.# #'#
#.#.# .....v.§##.# #5#
....#
.....@v@§#.####.#######
#.###
......v#§#.............
....#
########...####.#######
#+#.### ##..# #.# #S#...#
#..# #.#
#F#...#############.####.#
#S#......#...............#
#W###....#.########..#####
#!# #....#.# ####..##


You could see Sigmund (ally target).

Vanquished Creatures
  A crimson imp (D:3)
  3 adders
  A worm (D:2)
  4 orcs (D:3)
  4 ball pythons (D:3)
  2 bats
  2 endoplasms
  A giant cockroach (D:3)
  4 goblins
  A hobgoblin (D:3)
  A frilled lizard (D:3)
  4 kobolds
  3 rats
31 creatures vanquished.

Vanquished Creatures (others)
  123 foxfires
  4 fungi (D:3)
  3 plants (D:3)
130 creatures vanquished.

Grand Total: 161 creatures vanquished

Notes
Turn   | Place    | Note
-------+----------+-------------------------------------------
     0 | D:1      | funkygono the Djinni Fire Elementalist began the quest for
                  | the Orb.
     0 | D:1      | Reached XP level 1. HP: 15/15 MP: 0/0
   310 | D:1      | Reached skill level 3 in Spellcasting
   651 | D:1      | Reached XP level 2. HP: 14/21 MP: 0/0
  1346 | D:2      | Reached XP level 3. HP: 23/25 MP: 0/0
  1346 | D:2      | Learned a level 1 spell: Sandblast
  1949 | D:3      | Reached skill level 4 in Spellcasting
  2173 | D:3      | Reached XP level 4. HP: 29/31 MP: 0/0
  2480 | D:3      | Found a runed translucent door.
  2486 | D:3      | Noticed a bullfrog
  2491 | D:3      | Noticed bmj180's ghost (amateur DrCj)
  2531 | D:3      | Found a faded altar of an unknown god.
  2673 | D:3      | Found a shimmering altar of Xom.
  2673 | D:3      | Found a burning altar of Makhleb.
  3359 | D:3      | Noticed Sigmund
  3369 | D:3      | Slain by Sigmund

Illustrated notes

Levels and vault maps discovered:
D:1:      ebering_trefoil_3fold, layout_loops_ring
D:2:      layout_basic
D:3:      layout_basic, grunt_temple_overflow_champion_of_chaos,
          ebering_ghost_sewer_d, shapermc_ecumenical_altar_mp_urbaneastern,
          corexii_hall_statues_u, uniq_sigmund

Skill      XL: |  1  2  3 |
---------------+----------+-----
Spellcasting   | 3 4 |  4.4
Dodging        | |  2.5
Stealth        | |  1.5

Action                   |  1- 3 |  4- 6 || total
-------------------------+-------+-------++-------
Melee: Dagger            |       |     7 ||     7
 Cast: Foxfire           |    56 |    22 ||    78
       Sandblast         |       |     3 ||     3
  Use: Scroll            |     5 |       ||     5
Armor: Robe              |     5 |     2 ||     7
Dodge: Dodged            |    15 |     4 ||    19

Table legend: (Time is in decaauts)
 A = Elapsed time spent in this place.
 B = Non-inter-level travel time spent in this place.
 C = Inter-level travel time spent in this place.
 D = Time resting spent in this place.
 E = Time spent auto-exploring this place.
 F = Levels seen in this place.
 G = Mean time per level.
                   A        B        C        D        E       F      G
               +--------+--------+--------+--------+--------+-----+--------+
         Total |   3373 |   3300 |     73 |    216 |   2667 |   3 | 1124.3 |
       Dungeon |   3373 |   3300 |     73 |    216 |   2667 |   3 | 1124.3 |
               +--------+--------+--------+--------+--------+-----+--------+

Top non-repeatable levels by time:
     D:3: 1591 daAuts
     D:2: 949 daAuts
     D:1: 832 daAuts
